 Dungeon Crawl Stone Soup version 0.30-a0-782-ge64f9170bb (webtiles) character file.

Game seed: 18208244204153973451

65 mopl the Vexing (level 3, -2/19 HPs)
             Began as a Deep Elf Enchanter on Mar 13, 2023.
             Was an Initiate of Dithmenos.
             Slain by a gnoll
             ... wielding a +0 spear
              (3 damage)
             ... on level 2 of the Dungeon.
             The game lasted 00:02:26 (1381 turns).

mopl the Vexing (Deep Elf Enchanter)                Turns: 1381, Time: 00:02:27

Health: -2/19      AC:  2    Str:  5    XL:     3   Next: 92%
Magic:  0/10       EV: 12    Int: 21    God:    Dithmenos [......]
Gold:   20         SH:  0    Dex: 15    Spells: 1/9 levels left

rFire   . . .      SeeInvis .    a - +1 dagger
rCold   . . .      Faith    .    m - orb {guile}
rNeg    . . .      Spirit   .    b - +0 robe
rPois   .          Reflect  .    (no helmet)
rElec   .          Harm     .    (no cloak)
rCorr   .          Rampage  .    (no gloves)
Will    .....                    (no boots)
Stlth   +++                      (no amulet)
HPRegen 0.23/turn                (no ring)
MPRegen 0.12/turn                (no ring)

@: invisible
A: no striking features
a: Renounce Religion


You were on level 2 of the Dungeon.
You worshipped Dithmenos.
Dithmenos was noncommittal.
You visited 1 branch of the dungeon, and saw 2 of its levels.

You collected 107 gold pieces.
You spent 87 gold pieces at shops.

Inventory:

Hand Weapons
 a - a +1 dagger (weapon)
Missiles
 n - 3 atropa-tipped darts
Armour
 b - a +0 robe (worn)
 m - an orb of guile (worn)
Scrolls
 e - a scroll of summoning {unknown}
 f - 3 scrolls of teleportation {unknown}
 g - 2 scrolls of identify {unknown}
 i - 2 scrolls of silence {unknown}
 j - a scroll of poison {unknown}
 k - a scroll of noise {unknown}
 o - a scroll of enchant weapon {unknown}
Potions
 c - 2 potions of invisibility
 d - 2 potions of haste {unknown}
 h - a potion of berserk rage {unknown}
 l - a potion of curing {unknown}


   Skills:
 + Level 0.2 Fighting
 + Level 1.9 Short Blades
 - Level 2.4 Dodging
 + Level 4.4 Stealth
 + Level 3.9 Spellcasting
 + Level 4.6 Hexes


You had one spell level left.
You knew the following spells:

 Your Spells              Type           Power      Damage    Failure   Level
b - Ensorcelled Hibernat  Hex/Ice        26%        N/A       7%          2
c - Confusing Touch       Hex            23%        N/A       5%          3
d - Tukima's Dance        Hex            23%        N/A       5%          3

Your spell library contained the following spells:

 Spells                   Type           Power      Damage    Failure   Level
 Dazzling Flash           Conj/Hex       26%        N/A       14%         3
 Static Discharge         Conj/Air       8%         2-3/arc   19%         2
 Vhi's Electric Charge    Tloc/Air       8%         N/A       36%         3
 Arcjolt                  Conj/Air       2%         1d12      98%         5
 Lightning Bolt           Conj/Air       2%         1d13      98%         5


Dungeon Overview and Level Annotations

Branches:
Dungeon (2/15)

Altars:
Dithmenos

Shops:
D:2 *


Message History

You hit the gnoll.
The gnoll is lightly wounded.
The gnoll misses you.
You hit the gnoll.
The gnoll is moderately wounded.
The gnoll barely misses you.
You hit the gnoll but do no damage.
The gnoll is moderately wounded.
The gnoll hits you with a +0 spear.
You hit the gnoll.
The gnoll is moderately wounded.
There is an entrance to Jonon's Assorted Antiques here.
Things that are here:
a +0 club; a gnoll corpse The gnoll shouts!
You hit the gnoll.
The gnoll is moderately wounded.
The gnoll closely misses you.
You barely miss the gnoll.
The gnoll is moderately wounded.
The gnoll closely misses you.
You hit the gnoll.
The gnoll is heavily wounded.
The gnoll hits you with a +0 spear.
* * * LOW HITPOINT WARNING * * *
You hit the gnoll.
The gnoll is heavily wounded.
The gnoll closely misses you.
You hit the gnoll.
The gnoll is severely wounded.
The gnoll hits you with a +0 spear.
* * * LOW HITPOINT WARNING * * *
Casting: Ensorcelled Hibernation (safe; 7% risk of failure)
Confirm with . or Enter, or press ? or * to list all spells.
Aiming: Ensorcelled Hibernation (safe; 7% risk of failure)
Press: ? - help, Shift-Dir - straight line, f/p - gnoll
Aim: a gnoll, wielding a +0 spear (severely wounded, unable to see you, chance to affect: 64%)
The gnoll resists with significant effort.
The gnoll hits you with a +0 spear.
You die...

.# #.##### ## #.# ## #..#.
.# #.# ## ##.#.# ..# #.#
.......... .># #.#
.....#.#.# /.. #.#
.....#.#.##.#.#
#.########## ..........g..#
#..........#
##.......################.#
#..........g@∩........# #.#
#.###....$.##########.# #.#
#####..........# #.#
......##...(...# #.#
......##.##....# #.#
.........##....# ###.#
.)....#####....# #...#
.>....# #....# #.###
......### ###### #.#


You could see a gnoll (unable to see you).

Vanquished Creatures
  An adder (D:2)
  2 gnolls (D:2)
  A worm (D:2)
  2 dart slugs (D:1)
  5 ball pythons
  2 endoplasms (D:1)
  3 giant cockroaches (D:1)
  2 hobgoblins (D:1)
  2 kobolds (D:1)
  4 bats (D:1)
  A frilled lizard (D:1)
  A goblin (D:1)
  4 rats
30 creatures vanquished.

Notes
Turn   | Place    | Note
-------+----------+-------------------------------------------
     0 | D:1      | mopl the Deep Elf Enchanter began the quest for the Orb.
     0 | D:1      | Reached XP level 1. HP: 10/10 MP: 6/6
    57 | D:1      | Reached XP level 2. HP: 15/15 MP: 8/8
    61 | D:1      | Learned a level 2 spell: Ensorcelled Hibernation
   114 | D:1      | Reached skill level 4 in Stealth
  1072 | D:2      | Reached XP level 3. HP: 19/19 MP: 7/10
  1076 | D:2      | Learned a level 3 spell: Confusing Touch
  1080 | D:2      | Learned a level 3 spell: Tukima's Dance
  1234 | D:2      | Found a shadowy altar of Dithmenos.
  1243 | D:2      | Became a worshipper of Dithmenos the Shadowed
  1333 | D:2      | Found Jonon's Assorted Antiques.
  1354 | D:2      | Bought an amethyst potion for 27 gold pieces
  1354 | D:2      | Bought 2 scrolls labelled TEDURI IMAEMM for 60 gold pieces
  1381 | D:2      | Slain by a gnoll

Illustrated notes

Levels and vault maps discovered:
D:1:      spicycebolla_arrival_xxxplode, layout_basic
D:2:      layout_basic, basic_altar, serial_shops, shop

Skill      XL: |  1  2 |
---------------+-------+-----
Stealth        | 4 |  4.4
Fighting       | |  0.2
Short Blades   | |  1.9
Dodging        | |  2.4
Spellcasting   | |  3.9
Hexes          | |  4.6

Action                     || total
---------------------------++-------
  Melee: Dagger            ||    68
         Punch             ||     1
   Cast: Ensorcelled Hiber ||    13
         Confusing Touch   ||     1
    Use: Potion            ||     1
   Stab: Sleeping          ||    16
         Confused          ||     1
 Armour: Robe              ||    13
  Dodge: Dodged            ||    36

Table legend: (Time is in decaauts)
 A = Elapsed time spent in this place.
 B = Non-inter-level travel time spent in this place.
 C = Inter-level travel time spent in this place.
 D = Time resting spent in this place.
 E = Time spent auto-exploring this place.
 F = Levels seen in this place.
 G = Mean time per level.
                   A        B        C        D        E       F      G
               +--------+--------+--------+--------+--------+-----+--------+
         Total |   1375 |   1283 |     92 |     29 |    997 |   2 |  687.5 |
       Dungeon |   1375 |   1283 |     92 |     29 |    997 |   2 |  687.5 |
               +--------+--------+--------+--------+--------+-----+--------+

Top non-repeatable levels by time:
     D:1: 1061 daAuts
     D:2: 313 daAuts
